2799 views
Uploaded 2020-03-09 16:31:30
Game version 1.32.2
48:50 long 1on1on1on1 ladder game on (8)MarketSquare
Saved by TALONSARIMBA
2799 views
Uploaded 2020-03-09 16:31:30
Game version 1.32.2
48:50 long 1on1on1on1 ladder game on (8)MarketSquare

| Select | 1 |
67 units @ 11.1k
/ 1.8k
39 buildings @ 6.5k
/ 3.1k



| Tiny Great Hall | 2 | 1200 |
| Orb of Lightning | 2 | 750 |
| Lesser Clarity Potion | 4 | 280 |
| Potion of Mana | 3 | 600 |
| Healing Salve | 1 | 100 |
| Scroll of Town Portal | 3 | 1050 |
| Boots of Speed | 1 | 250 |
| Potion of Lesser Invulnerability | 1 | 150 |
| total: | 17 | 4380g |
| Peon | 23 | 1725 | / | 0 |
| Grunt | 1 | 200 | / | 0 |
| Wind Rider | 14 | 3710 | / | 560 |
| Shaman | 11 | 1430 | / | 220 |
| Spirit Walker | 2 | 390 | / | 70 |
| Kodo Beast | 1 | 255 | / | 60 |
| Raider | 3 | 540 | / | 120 |
| Tauren | 7 | 1960 | / | 560 |
| Troll Batrider | 4 | 640 | / | 160 |
| Demolisher | 1 | 220 | / | 50 |
| total: | 67 | 11070g | / | 1800w |
| Watch Tower | 17 | 1870 | / | 1360 |
| Altar of Storms | 1 | 180 | / | 50 |
| Orc Burrow | 6 | 960 | / | 240 |
| Barracks | 1 | 180 | / | 50 |
| Voodoo Lounge | 1 | 130 | / | 30 |
| War Mill | 5 | 1025 | / | 0 |
| Great Hall | 4 | 1540 | / | 740 |
| Beastiary | 2 | 290 | / | 280 |
| Spirit Lodge | 1 | 150 | / | 150 |
| Tauren Totem | 1 | 135 | / | 155 |
| Stronghold | 1 | 315 | / | 190 |
| Fortress | 1 | 325 | / | 190 |
| total: | 39 | 6460g | / | 3055w |
| 0:05 | Altar of Storms |
| 0:07 | Orc Burrow |
| 0:07 | Peon |
| 0:24 | Barracks |
| 0:31 | Peon |
| 0:47 | Peon |
| 1:07 | Peon |
| 1:22 | Peon |
| 1:28 | Grunt |
| 1:38 | Voodoo Lounge |
| 1:45 | Peon |
| 2:07 | Wind Walk |
| 2:09 | Peon |
| 2:12 | War Mill |
| 2:57 | Stronghold |
| 3:10 | Orc Burrow |
| 3:27 | Orc Burrow |
| 4:31 | Critical Strike |
| 4:49 | Orc Burrow |
| 5:21 | Beastiary |
| 5:23 | Beastiary |
| 5:50 | Fortress |
| 6:28 | Hex |
| 6:31 | Wind Rider |
| 7:18 | Critical Strike |
| 7:22 | Wind Rider |
| 7:47 | Reinforced Defenses |
| 7:52 | War Mill |
| 8:20 | Healing Wave |
| 8:56 | Steel Ranged Weapons |
| 9:42 | War Stomp |
| 10:03 | Wind Walk |
| 10:21 | Hex |
| 10:29 | Critical Strike |
| 10:47 | Steel Armor |
| 11:10 | Tiny Great Hall |
| 11:11 | Orb of Lightning |
| 11:31 | Envenomed Spears |
| 11:37 | Spirit Lodge |
| 11:40 | Tauren Totem |
| 11:53 | Peon |
| 11:53 | Peon |
| 11:53 | Peon |
| 11:53 | Peon |
| 11:54 | Peon |
| 12:54 | Spirit Walker Adept Training |
| 12:55 | Shaman Adept Training |
| 13:07 | Peon |
| 14:03 | Endurance Aura |
| 14:11 | Wind Rider |
| 14:21 | Healing Wave |
| 14:53 | Watch Tower |
| 14:59 | Spirit Walker Master Training |
| 15:00 | Shaman Master Training |
| 15:02 | Shaman |
| 15:06 | Spirit Walker |
| 15:20 | Thorium Ranged Weapons |
| 15:27 | Watch Tower |
| 16:37 | Wind Rider |
| 16:39 | Bladestorm |
| 17:01 | Wind Rider |
| 17:14 | Shaman |
| 17:15 | Spirit Walker |
| 17:20 | Arcanite Ranged Weapons |
| 17:22 | War Mill |
| 17:52 | Orc Burrow |
| 18:08 | Orc Burrow |
| 18:10 | Watch Tower |
| 19:31 | Wind Rider |
| 20:11 | Hex |
| 20:12 | Wind Rider |
| 20:14 | Shaman |
| 20:14 | Shaman |
| 20:31 | Kodo Beast |
| 20:32 | Thorium Armor |
| 20:35 | Watch Tower |
| 21:32 | Scroll of Town Portal |
| 21:51 | Raider |
| 21:55 | Lesser Clarity Potion |
| 21:58 | Lesser Clarity Potion |
| 22:00 | Orb of Lightning |
| 22:02 | Potion of Mana |
| 22:04 | Potion of Mana |
| 22:14 | Ensnare |
| 22:16 | Tauren |
| 22:19 | War Stomp |
| 23:27 | Great Hall |
| 26:08 | Wind Rider |
| 26:12 | Tauren |
| 26:13 | Shaman |
| 26:52 | Wind Walk |
| 27:18 | Healing Salve |
| 27:35 | Pulverize |
| 27:35 | Tauren |
| 27:47 | Lesser Clarity Potion |
| 27:51 | Potion of Mana |
| 27:53 | Lesser Clarity Potion |
| 27:59 | Tiny Great Hall |
| 28:02 | Scroll of Town Portal |
| 28:10 | Raider |
| 28:57 | Endurance Aura |
| 29:01 | Tauren |
| 29:03 | Shaman |
| 29:04 | Arcanite Armor |
| 29:12 | Peon |
| 29:12 | Peon |
| 29:12 | Peon |
| 29:12 | Peon |
| 29:13 | Peon |
| 29:50 | Tauren |
| 30:11 | Shaman |
| 31:33 | Big Bad Voodoo |
| 33:17 | Mirror Image |
| 33:28 | Tauren |
| 33:34 | Shaman |
| 33:34 | Shaman |
| 33:50 | Peon |
| 34:29 | Great Hall |
| 34:31 | Watch Tower |
| 34:32 | Watch Tower |
| 34:33 | Watch Tower |
| 34:34 | Watch Tower |
| 34:47 | Healing Wave |
| 34:52 | Raider |
| 36:20 | War Stomp |
| 36:36 | Mirror Image |
| 36:44 | Watch Tower |
| 36:50 | Watch Tower |
| 36:52 | War Mill |
| 36:55 | Watch Tower |
| 37:11 | Wind Rider |
| 37:19 | Watch Tower |
| 37:32 | Peon |
| 38:53 | Troll Batrider |
| 38:56 | Troll Batrider |
| 39:04 | Reincarnation |
| 39:20 | Troll Batrider |
| 40:24 | Mirror Image |
| 40:40 | Troll Batrider |
| 40:50 | Watch Tower |
| 41:05 | Shaman |
| 41:55 | Wind Rider |
| 41:58 | Shaman |
| 41:59 | Tauren |
| 42:06 | Great Hall |
| 42:10 | Watch Tower |
| 42:13 | Watch Tower |
| 42:13 | Watch Tower |
| 42:15 | Watch Tower |
| 42:33 | Wind Rider |
| 42:40 | War Mill |
| 43:25 | Wind Rider |
| 44:45 | Wind Rider |
| 44:49 | Demolisher |
| 45:35 | Wind Rider |
| 45:49 | Great Hall |
| 45:52 | Peon |
| 45:56 | Peon |
| 46:04 | Peon |
| 46:25 | Serpent Ward |
| 47:42 | Steel Melee Weapons |
| 47:52 | Scroll of Town Portal |
| 47:53 | Boots of Speed |
| 47:55 | Potion of Lesser Invulnerability |
| Right click | 3433 |
| Select | 1611 |
| Select group | 1574 |
| Misc. action | 353 |
| Build/train/purchase | 337 |
| Chat | 255 |
| Use ability | 137 |
| Assign group | 47 |
| Item give/drop | 3 |
| Esc | 3 |
64 units @ 10.7k
/ 1.4k
33 buildings @ 4.1k
/ 1.8k



| Scroll of Regeneration | 1 | 100 |
| Orb of Fire | 1 | 325 |
| Periapt of Vitality | 1 | 325 |
| Circlet of Nobility | 1 | 175 |
| total: | 4 | 925g |
| Peasant | 11 | 825 | / | 0 |
| Footman | 6 | 810 | / | 0 |
| Rifleman | 13 | 2665 | / | 390 |
| Priest | 12 | 1620 | / | 120 |
| Dragonhawk Rider | 13 | 2600 | / | 390 |
| Knight | 9 | 2205 | / | 540 |
| total: | 64 | 10725g | / | 1440w |
| Scout Tower | 7 | 210 | / | 140 |
| Guard Tower | 2 | 140 | / | 100 |
| Altar of Kings | 1 | 180 | / | 50 |
| Farm | 13 | 1040 | / | 260 |
| Barracks | 2 | 320 | / | 120 |
| Blacksmith | 1 | 140 | / | 60 |
| Lumber Mill | 2 | 240 | / | 0 |
| Arcane Vault | 1 | 130 | / | 30 |
| Town Hall | 4 | 1540 | / | 820 |
| Arcane Sanctum | 1 | 150 | / | 140 |
| Gryphon Aviary | 1 | 140 | / | 150 |
| Keep | 1 | 320 | / | 210 |
| Castle | 1 | 360 | / | 210 |
| total: | 33 | 4090g | / | 1770w |
| 0:08 | Altar of Kings |
| 0:12 | Farm |
| 0:15 | Peasant |
| 0:20 | Peasant |
| 0:35 | Barracks |
| 0:38 | Peasant |
| 0:58 | Farm |
| 1:09 | Peasant |
| 1:18 | Peasant |
| 1:41 | Footman |
| 1:45 | Peasant |
| 1:48 | Farm |
| 2:01 | Footman |
| 2:17 | Peasant |
| 2:44 | Healing Spray |
| 2:45 | Footman |
| 2:52 | Blacksmith |
| 3:05 | Lumber Mill |
| 3:25 | Footman |
| 3:42 | Footman |
| 3:44 | Keep |
| 3:53 | Footman |
| 4:06 | Farm |
| 4:08 | Iron Forged Swords |
| 4:20 | Arcane Vault |
| 4:34 | Rifleman |
| 5:07 | Acid Bomb |
| 5:14 | Rifleman |
| 5:21 | Farm |
| 5:23 | Black Gunpowder |
| 5:39 | Scroll of Regeneration |
| 5:47 | Rifleman |
| 6:06 | Arcane Sanctum |
| 6:41 | Rifleman |
| 6:48 | Gryphon Aviary |
| 7:01 | Rifleman |
| 7:18 | Improved Lumber Harvesting |
| 7:23 | Farm |
| 7:25 | Priest |
| 7:44 | Acid Bomb |
| 8:01 | Rifleman |
| 8:22 | Castle |
| 8:50 | Healing Spray |
| 8:59 | Priest |
| 9:02 | Refined Gunpowder |
| 9:55 | Long Rifles |
| 10:09 | Town Hall |
| 10:29 | Black Arrow |
| 10:40 | Improved Masonry |
| 10:41 | Priest Adept Training |
| 11:24 | Silence |
| 11:34 | Animal War Training |
| 12:23 | Chemical Rage |
| 12:34 | Rifleman |
| 12:37 | Dragonhawk Rider |
| 12:41 | Priest Master Training |
| 12:48 | Barracks |
| 13:40 | Farm |
| 13:41 | Farm |
| 13:47 | Black Arrow |
| 14:09 | Periapt of Vitality |
| 14:12 | Circlet of Nobility |
| 15:03 | Dragonhawk Rider |
| 15:10 | Iron Plating |
| 15:17 | Town Hall |
| 15:21 | Farm |
| 15:32 | Priest |
| 16:47 | Dragonhawk Rider |
| 16:50 | Knight |
| 16:52 | Knight |
| 16:56 | Scout Tower |
| 17:07 | Priest |
| 17:17 | Farm |
| 17:25 | Dragonhawk Rider |
| 17:32 | Steel Forged Swords |
| 17:39 | Sundering Blades |
| 17:42 | Rifleman |
| 17:47 | Priest |
| 17:58 | Scout Tower |
| 18:13 | Orb of Fire |
| 18:28 | Knight |
| 18:41 | Scout Tower |
| 19:01 | Knight |
| 19:30 | Silence |
| 19:48 | Priest |
| 19:55 | Advanced Lumber Harvesting |
| 20:08 | Dragonhawk Rider |
| 20:42 | Town Hall |
| 21:37 | Priest |
| 21:40 | Dragonhawk Rider |
| 22:00 | Studded Leather Armor |
| 22:06 | Guard Tower |
| 22:07 | Guard Tower |
| 23:28 | Rain of Fire |
| 23:47 | Dragonhawk Rider |
| 23:51 | Farm |
| 24:26 | Black Arrow |
| 25:18 | Dragonhawk Rider |
| 25:35 | Town Hall |
| 26:00 | Cloud |
| 26:11 | Howl of Terror |
| 27:29 | Transmute |
| 27:36 | Knight |
| 27:37 | Priest |
| 27:40 | Knight |
| 29:50 | Priest |
| 29:52 | Knight |
| 29:52 | Knight |
| 29:55 | Peasant |
| 29:55 | Peasant |
| 29:55 | Peasant |
| 29:56 | Peasant |
| 30:02 | Farm |
| 30:03 | Farm |
| 30:13 | Dragonhawk Rider |
| 30:17 | Priest |
| 30:42 | Dragonhawk Rider |
| 31:18 | Scout Tower |
| 31:19 | Scout Tower |
| 31:20 | Scout Tower |
| 31:22 | Scout Tower |
| 32:22 | Rain of Fire |
| 33:01 | Knight |
| 33:05 | Rifleman |
| 33:09 | Priest |
| 33:13 | Dragonhawk Rider |
| 33:36 | Rifleman |
| 33:41 | Dragonhawk Rider |
| 33:46 | Rifleman |
| 33:52 | Lumber Mill |
| 34:17 | Rifleman |
| 34:18 | Rifleman |
| 34:22 | Priest |
| 34:27 | Dragonhawk Rider |
| Right click | 578 |
| Select | 429 |
| Select group | 414 |
| Chat | 134 |
| Build/train/purchase | 120 |
| Use ability | 57 |
| Assign group | 55 |
| Misc. action | 8 |
| Item give/drop | 1 |
| Remove unit | 1 |
| Esc | 1 |
66 units @ 12.7k
/ 2.5k
36 buildings @ 5.7k
/ 2k


| Rod of Necromancy | 1 | 150 |
| Potion of Healing | 1 | 150 |
| Boots of Speed | 1 | 250 |
| total: | 3 | 550g |
| Acolyte | 19 | 1425 | / | 0 |
| Ghoul | 10 | 1200 | / | 0 |
| Crypt Fiend | 19 | 4085 | / | 760 |
| Obsidian Statue | 2 | 400 | / | 70 |
| Abomination | 4 | 960 | / | 280 |
| Frost Wyrm | 12 | 4620 | / | 1440 |
| total: | 66 | 12690g | / | 2550w |
| Spirit Tower | 6 | 870 | / | 240 |
| Nerubian Tower | 4 | 400 | / | 80 |
| Crypt | 3 | 600 | / | 150 |
| Ziggurat | 25 | 3750 | / | 1250 |
| Altar of Darkness | 1 | 180 | / | 50 |
| Tomb of Relics | 1 | 130 | / | 30 |
| Graveyard | 3 | 645 | / | 0 |
| Slaughterhouse | 1 | 140 | / | 135 |
| Sacrificial Pit | 1 | 75 | / | 150 |
| Boneyard | 1 | 175 | / | 200 |
| Halls of the Dead | 1 | 320 | / | 210 |
| Black Citadel | 1 | 325 | / | 230 |
| total: | 36 | 5695g | / | 1965w |
| 0:06 | Acolyte |
| 0:13 | Crypt |
| 0:18 | Ziggurat |
| 0:31 | Crypt |
| 0:35 | Altar of Darkness |
| 0:40 | Acolyte |
| 1:03 | Ziggurat |
| 1:18 | Ghoul |
| 1:27 | Tomb of Relics |
| 1:37 | Ghoul |
| 1:53 | Ghoul |
| 2:13 | Graveyard |
| 2:24 | Ghoul |
| 2:41 | Rod of Necromancy |
| 2:44 | Death Coil |
| 2:58 | Ghoul |
| 3:16 | Crypt |
| 3:54 | Unholy Strength |
| 4:00 | Ziggurat |
| 4:04 | Ghoul |
| 4:27 | Death Pact |
| 4:46 | Crypt Fiend |
| 5:32 | Halls of the Dead |
| 5:35 | Crypt Fiend |
| 6:19 | Death Pact |
| 6:36 | Crypt Fiend |
| 6:42 | Creature Attack |
| 6:44 | Creature Carapace |
| 7:34 | Crypt Fiend |
| 7:40 | Ziggurat |
| 7:45 | Ziggurat |
| 8:41 | Death Coil |
| 8:49 | Acolyte |
| 8:49 | Acolyte |
| 8:49 | Acolyte |
| 8:50 | Acolyte |
| 8:50 | Acolyte |
| 9:16 | Crypt Fiend |
| 10:34 | Frost Armor |
| 10:53 | Crypt Fiend |
| 10:57 | Improved Creature Attack |
| 11:02 | Slaughterhouse |
| 11:04 | Spirit Tower |
| 11:23 | Ziggurat |
| 11:24 | Ziggurat |
| 11:36 | Web |
| 11:40 | Burrow |
| 12:38 | Potion of Healing |
| 12:42 | Crypt Fiend |
| 12:57 | Obsidian Statue |
| 13:02 | Spirit Tower |
| 13:19 | Boots of Speed |
| 14:12 | Frost Nova |
| 14:24 | Crypt Fiend |
| 14:24 | Crypt Fiend |
| 14:39 | Improved Creature Carapace |
| 14:58 | Crypt Fiend |
| 15:09 | Acolyte |
| 15:28 | Crypt Fiend |
| 15:52 | Black Citadel |
| 16:57 | Ziggurat |
| 16:58 | Ziggurat |
| 17:49 | Unholy Armor |
| 18:00 | Unholy Aura |
| 18:17 | Acolyte |
| 18:17 | Acolyte |
| 18:17 | Acolyte |
| 18:17 | Acolyte |
| 18:22 | Spirit Tower |
| 20:15 | Abomination |
| 20:17 | Crypt Fiend |
| 20:23 | Advanced Creature Attack |
| 20:34 | Acolyte |
| 20:34 | Acolyte |
| 20:34 | Acolyte |
| 20:34 | Acolyte |
| 20:43 | Ziggurat |
| 20:44 | Ziggurat |
| 20:44 | Ziggurat |
| 20:45 | Ziggurat |
| 20:46 | Ziggurat |
| 20:47 | Ziggurat |
| 21:12 | Sacrificial Pit |
| 21:15 | Advanced Creature Carapace |
| 21:30 | Crypt Fiend |
| 21:41 | Spirit Tower |
| 22:20 | Spirit Tower |
| 23:20 | Ghoul |
| 23:20 | Ghoul |
| 23:26 | Ghoul Frenzy |
| 23:45 | Boneyard |
| 24:40 | Improved Unholy Armor |
| 24:41 | Improved Unholy Strength |
| 24:43 | Acolyte |
| 26:12 | Frost Wyrm |
| 26:13 | Frost Wyrm |
| 26:13 | Frost Wyrm |
| 26:13 | Frost Wyrm |
| 26:15 | Freezing Breath |
| 26:37 | Ziggurat |
| 26:38 | Ziggurat |
| 26:39 | Ziggurat |
| 26:40 | Ziggurat |
| 26:41 | Ziggurat |
| 27:17 | Graveyard |
| 27:37 | Crypt Fiend |
| 27:43 | Spirit Tower |
| 27:45 | Nerubian Tower |
| 28:00 | Abomination |
| 28:51 | Advanced Unholy Strength |
| 29:57 | Graveyard |
| 30:00 | Ziggurat |
| 30:01 | Ziggurat |
| 30:07 | Frost Armor |
| 33:06 | Frost Wyrm |
| 33:06 | Frost Wyrm |
| 33:11 | Crypt Fiend |
| 33:17 | Obsidian Statue |
| 33:57 | Crypt Fiend |
| 34:48 | Ziggurat |
| 34:49 | Ziggurat |
| 34:50 | Ziggurat |
| 35:11 | Ghoul |
| 35:11 | Ghoul |
| 35:28 | Acolyte |
| 35:28 | Acolyte |
| 36:02 | Frost Wyrm |
| 36:35 | Abomination |
| 36:37 | Abomination |
| 37:29 | Frost Wyrm |
| 37:37 | Nerubian Tower |
| 37:48 | Nerubian Tower |
| 39:31 | Frost Armor |
| 39:38 | Frost Nova |
| 39:46 | Frost Wyrm |
| 40:55 | Frost Wyrm |
| 41:01 | Crypt Fiend |
| 41:05 | Frost Wyrm |
| 41:19 | Nerubian Tower |
| 41:55 | Crypt Fiend |
| 41:55 | Crypt Fiend |
| 43:21 | Frost Wyrm |
| Right click | 908 |
| Select | 668 |
| Build/train/purchase | 134 |
| Select group | 73 |
| Use ability | 50 |
| Assign group | 10 |
| Remove unit | 8 |
| Item give/drop | 1 |
โ